 Dungeon Crawl Stone Soup version 0.30-a0-595-g91969c0fa5 (webtiles) character file.

Game seed: 17058526617131462066

171 Leeroy the Insei (level 5, -2/33 HPs)
             Began as an Octopode Transmuter on Jan 6, 2023.
             Slain by an orc
             ... wielding a +0 flail
              (9 damage)
             ... on level 3 of the Dungeon.
             The game lasted 00:05:27 (2261 turns).

Leeroy the Insei (Octopode Transmuter)              Turns: 2261, Time: 00:05:28

Health: -2/33      AC:  1    Str:  9    XL:     5   Next: 51%
Magic:  8/8        EV: 13    Int: 18    God:
Gold:   106        SH:  0    Dex: 12    Spells: 2/8 levels left

rFire   . . .      SeeInvis .      - Unarmed
rCold   . . .      Faith    .    (no shield)
rNeg    . . .      Spirit   .    (helmet restricted)
rPois   .          Reflect  .    (no amulet)
rElec   .          Harm     .    (no ring)
rCorr   .          Rampage  .    (no ring)
Will    .....                    (no ring)
Stlth   +++                      (no ring)
HPRegen 0.25/turn                (no ring)
MPRegen 0.11/turn                (no ring)
                                 (no ring)
                                 (no ring)

@: no status effects
A: almost no armour, amphibious, 8 rings, camouflage 1, gelatinous body 1,
(nimble swimmer 1), tentacles
a: no special abilities


You were on level 3 of the Dungeon.
You visited 1 branch of the dungeon, and saw 3 of its levels.

You collected 106 gold pieces.

Inventory:

Missiles
 f - a throwing net
Scrolls
 b - 4 scrolls of identify {unknown}
 c - a scroll of silence {unknown}
 d - a scroll of summoning {unknown}
 e - a scroll of vulnerability {unknown}
 g - a scroll of blinking {unknown}
 h - a scroll of poison {unknown}
 i - a scroll of enchant armour {unknown}
Potions
 a - a potion of curing {unknown}


   Skills:
 - Level 1.0 Fighting
 - Level 2.2 Dodging
 - Level 1.1 Stealth
 * Level 5.5 Unarmed Combat
 - Level 2.3 Spellcasting
 - Level 2.2 Transmutations


You had 2 spell levels left.
You knew the following spells:

 Your Spells              Type           Power      Damage    Failure   Level
a - Beastly Appendage     Tmut           20%        N/A       7%          1
b - Spider Form           Tmut/Pois      6%         N/A       32%         3
c - Wereblood             Tmut           10%        N/A       11%         2

Your spell library contained the following spells:

 Spells                   Type           Power      Damage    Failure   Level
 Apportation              Tloc           4%         N/A       19%         1
 Ice Form                 Ice/Tmut       6%         N/A       73%         4
 Alistair's Intoxication  Tmut/Pois      4%         N/A       97%         5


Dungeon Overview and Level Annotations

Branches:
Dungeon (3/15)

Altars:


Innate Abilities, Weirdness & Mutations

You cannot wear most types of armour.
You are amphibious.
You can wear up to eight rings at the same time.
Your skin changes colour to match your surroundings (Stealth+).
Your rubbery body absorbs attacks. (AC +1, EV +1)
((You are camouflaged when in or above water. (Stealth+)))
You have tentacles for arms and can constrict up to eight enemies at once.


Message History

You tentacle-slap the orc wizard.
You kill the orc wizard!
The bat barely misses you. The bat misses you.
You tentacle-slap the bat.
You kill the bat!
The bat hits you but does no damage.
You barely miss the orc. You grab the orc. You squeeze the orc.
The orc is severely wounded.
You constrict the orc. The orc closely misses you.
You tentacle-slap the orc.
You kill the orc!
The bat hits you.
A quokka comes into view.
You barely miss the bat. Your grab misses the bat. The bat hits you.
A rat comes into view.
The bat hits you but does no damage. The bat barely misses you.
You bludgeon the bat!
You kill the bat!
The quokka bites you.
You tentacle-slap the rat.
You kill the rat!
The quokka barely misses you.
You tentacle-slap the quokka but do no damage.
Your grab misses the quokka. The quokka barely misses you.
You tentacle-slap the quokka. You grab the quokka.
Your squeeze misses the quokka.
The quokka is moderately wounded.
You constrict the quokka. The quokka misses you.
You tentacle-slap the quokka.
You kill the quokka!
The orc hits you with a +0 flail!
* * * LOW HITPOINT WARNING * * *
Things that are here:
a quokka corpse; a bat corpse You barely miss the orc.
Your grab misses the orc. The orc hits you with a +0 flail.
* * * LOW HITPOINT WARNING * * *
You closely miss the orc. You grab the orc. You constrict the orc.
The orc hits you with a +0 flail!
You die...

#.#...............#
#.#.....##..##.#..#
#.##...###..##.#..#
#.##.#.....[##.#..#
#.##.####...##.#..#
#.##.# #...##.#..###
#.##.# #...##.#..).#
#.##.####.†.##.#.##.#
#...........##.#@# .#
####...........#o.......
######..#.........###
#....#.###.#..# #.##....
.. .# #. .#.## .#. # #.
#.. # ..


You could see an orc.

Vanquished Creatures
  2 orc wizards (D:3)
  5 adders
  3 worms
  A dart slug (D:2)
  5 orcs (D:3)
  2 bats (D:3)
  6 endoplasms
  2 giant cockroaches
  A goblin (D:1)
  7 hobgoblins
  3 jackals (D:2)
  5 kobolds
  8 quokkas
  4 ball pythons (D:2)
  3 frilled lizards
  4 rats
61 creatures vanquished.

Notes
Turn   | Place    | Note
-------+----------+-------------------------------------------
     0 | D:1      | Leeroy the Octopode Transmuter began the quest for the Orb.
     0 | D:1      | Reached XP level 1. HP: 13/13 MP: 3/3
   366 | D:1      | Reached XP level 2. HP: 13/18 MP: 5/5
   703 | D:2      | Reached XP level 3. HP: 11/23 MP: 6/6
   707 | D:2      | Learned a level 3 spell: Spider Form
   781 | D:2      | Reached skill level 1 in Stealth
  1112 | D:2      | Reached skill level 4 in Unarmed Combat
  1480 | D:2      | Reached XP level 4. HP: 20/28 MP: 7/7
  1585 | D:2      | Found a faded altar of an unknown god.
  1841 | D:2      | Learned a level 2 spell: Wereblood
  1989 | D:3      | Reached skill level 5 in Unarmed Combat
  1989 | D:3      | Reached XP level 5. HP: 3/33 MP: 8/8
  1989 | D:3      | HP: 2/49 [poisoned by an adder]
  2261 | D:3      | Slain by an orc

Illustrated notes

Levels and vault maps discovered:
D:1:      wander_arrival_desolate, layout_basic, hangedman_decor_growths
D:2:      layout_basic, hellmonk_ecumenical_altar_arch_garden
D:3:      layout_loops_ring, minmay_surrounded

Skill      XL: |  1  2  3  4 |
---------------+-------------+-----
Stealth        | 1 |  1.1
Unarmed Combat | 4 5 |  5.5
Fighting       | |  1.0
Dodging        | |  2.2
Spellcasting   | |  2.3
Transmutations | |  2.2

Action                   |  1- 3 |  4- 6 || total
-------------------------+-------+-------++-------
Melee: Unarmed           |    83 |    63 ||   146
       Constrict         |    18 |    16 ||    34
       Kick              |     3 |       ||     3
       Tentacles         |    13 |    12 ||    25
       Punch             |       |     2 ||     2
 Cast: Beastly Appendage |     3 |       ||     3
  Use: Potion            |       |     1 ||     1
 Stab: Sleeping          |    13 |     4 ||    17
       Distracted        |     1 |       ||     1
Armor: Skin              |     1 |    11 ||    12
Dodge: Dodged            |    37 |    38 ||    75

Table legend: (Time is in decaauts)
 A = Elapsed time spent in this place.
 B = Non-inter-level travel time spent in this place.
 C = Inter-level travel time spent in this place.
 D = Time resting spent in this place.
 E = Time spent auto-exploring this place.
 F = Levels seen in this place.
 G = Mean time per level.
                   A        B        C        D        E       F      G
               +--------+--------+--------+--------+--------+-----+--------+
         Total |   2249 |   2193 |     56 |    197 |   1611 |   3 |  749.7 |
       Dungeon |   2249 |   2193 |     56 |    197 |   1611 |   3 |  749.7 |
               +--------+--------+--------+--------+--------+-----+--------+

Top non-repeatable levels by time:
     D:2: 1065 daAuts
     D:1: 684 daAuts
     D:3: 500 daAuts
